AoeStats
← ACEvril CLUTCHvigne

Scandinavia

510391380Analyzed
1v1 RM · 21h ago on Sep 30, 2026· 49m 4s· 2 players
Game mode
Random Map
Map size
Tiny (2 player)
Population
200
Speed
Normal
Resources
Standard
Victory
Conquest
Starting age
Dark Age
Ending age
Imperial Age
RankedLock teamsTeams togetherTeam positionsShared explorationLock speedFull tech treeHidden civsTurbo modeCheats
Victory
Defeat
🇮🇹 Franks · Italy
484
+18
🇺🇸 Britons · United States
517
-18
ACEvril CLUTCHvigne
2:30 Loom
2:37 Loom
11:21 Feudal Age
11:50 Double-Bit Axe
12:57 Wheelbarrow
11:51 Man-at-Arms
16:12 Gold Mining
17:21 Arson
18:54 Fletching
24:31 Castle Age
22:44 Stone Mining
25:28 Bow Saw
25:50 Husbandry
26:03 Scale Barding Armor
27:26 Gold Shaft Mining
27:07 Forging
29:41 Chain Barding Armor
29:57 Iron Casting
29:57 Murder Holes
30:44 Crossbowman
32:22 Hand Cart
32:13 Town Watch
32:42 Treadmill Crane
38:51 Imperial Age
37:41 Ordonnance Companies
39:03 Masonry
38:58 Cavalier
40:17 Plate Barding Armor
41:26 Onager
43:14 Blast Furnace
45:31 Paladin
47:43 Conscription
46:44 Elite Throwing Axeman
Cbear
2:55 Loom
10:43 Feudal Age
11:38 Fishing Lines
14:26 Double-Bit Axe
15:22 Horse Collar
18:55 Stone Mining
21:21 Castle Age
25:28 Gillnets
27:25 Gold Mining
28:03 Pikeman
31:59 Heavy Plow
32:41 Bow Saw
38:08 Wheelbarrow
40:53 Imperial Age
42:21 Conscription
41:45 Capped Ram
45:37 Halberdier
Connection lost

Rejoining the realm…

Still unreachable

The connection could not be restored.

Session expired

The server has moved on; the page needs a fresh start.